 Dungeon Crawl Stone Soup version bcrawl-1.41.1 (webtiles) character file.

Game seed: 1493956087105007396

175691 Grimmash the Sneak (level 5, -1/42 HPs)
             Began as a Formicid Archaeologist on Apr 18, 2024.
             Slain by a scorpion (4 damage)
             ... on level 3 of the Dungeon.
             The game lasted 00:03:27 (2109 turns).

Grimmash the Sneak (Formicid Archaeologist)         Turns: 2109, Time: 00:03:28

Health: -1/42      AC: 10    Str: 16    XL:     5   Next: 96%
Magic:  6/6        EV:  8    Int: 14    God:
Gold:   141        SH:  8    Dex:  9    Spells: 4/4 levels left

rFire    . . .     GDR:     22% a - +0 mace
rCold    . . .     SeeInvis +   g - +2 medium shield {rN+}
rNeg     + . .     Gourm    .   s - +0 ring mail
rPois    +         Faith    .   (helmet unavailable)
rElec    +         Spirit   .   k - +2 cloak {rPois}
rCorr    .         Reflect  .   (no gloves)
MR       +....                  d - +1 pair of boots
Stlth    ++........             (no amulet)
HPRegen  0.17/turn              u - ring of protection from magic
MPRegen  0.10/turn              v - ring of insulation

@: lethally poisoned (-1 -> -7)
A: permanent stasis, dig shafts and tunnels, four strong arms, antennae 3
a: Dig, Shaft Self


You were on level 3 of the Dungeon.
You were hungry.

You visited 1 branch of the dungeon, and saw 3 of its levels.

You collected 141 gold pieces.

Inventory:

Hand Weapons
 a - a +0 mace (weapon)
 b - a +0 blowgun
 p - a +0 hunting sling
 r - a +0 war axe
Missiles
 h - 5 curare-tipped needles
 j - 93 poisoned needles
 l - 141 arrows
 q - 439 sling bullets
 t - 33 poisoned tomahawks (quivered)
Armour
 d - a +1 pair of boots (worn)
 g - a +2 medium shield of positive energy (worn)
 k - a +2 cloak of poison resistance (worn)
 s - a +0 ring mail (worn)
Jewellery
 u - a ring of protection from magic (left hand)
 v - a ring of insulation (right hand)
Scrolls
 f - 3 scrolls of revelation
 i - 3 scrolls of identify
 m - a scroll of blinking {unknown}
 n - 3 scrolls of remove curse {unknown}
Potions
 c - a potion of brilliance {unknown}
 o - a potion of curing {unknown}
 x - a potion of agility {unknown}
 z - a potion of heal wounds {unknown}
Comestibles
 e - 9 rations {!d}
 w - a chunk of flesh


   Skills:
 * Level 4.2 Fighting
 * Level 0.6(1.1) Axes
 + Level 1.3(1.4) Maces & Flails
 * Level 1.2 Armour
 * Level 3.2 Dodging
 + Level 4.3 Stealth
 * Level 0.1 Shields
 * Level 1.5 Evocations


You had 4 spell levels left.
You didn't know any spells.
Your spell library was empty.

Dungeon Overview and Level Annotations

Branches:
Dungeon (3/12)

Altars:
Ashenzari
Fedhas
Ru


Innate Abilities, Weirdness & Mutations

You cannot be hasted, slowed, berserked, paralysed or teleported.
You can dig through walls and to a lower floor.
Your four strong arms can wield two-handed weapons with a shield.
You have a pair of large antennae on your head. (SInv)


Message History

The scorpion stings you but does no damage.
The scorpion closely misses you.
You closely miss the scorpion. The scorpion barely misses you.
You are feeling hungry.
You closely miss the scorpion.
You feel sick. The scorpion stings you. x2
* * * LOW HITPOINT WARNING * * *
You are more poisoned.
The scorpion poisons you!
You barely miss the scorpion.
You feel sick. The scorpion stings you.
* * * LOW HITPOINT WARNING * * *
You sock the scorpion!
The scorpion is heavily wounded.
* * * LOW HITPOINT WARNING * * *
You feel sick. The scorpion closely misses you.
The scorpion stings you but does no damage.
You hit the scorpion.
The scorpion is severely wounded.
* * * LOW HITPOINT WARNING * * *
You feel sick. The scorpion stings you.
You die...

#.#....##..#......
#.#).......#......
#.#.w......#......
#.#?#....#.#......
#.#.###### #......
#w.........#.#####
#5##########.# #s#
#.# #@# #.# #.#
#.# #.# #.#
#.##########.#
#............#
##############


You could see a worm, a scorpion and a crimson imp.

Vanquished Creatures
  A sky beast (D:2)
  2 adders
  An ooze (D:2)
  3 worms
  3 dart slugs
  A leopard gecko (D:1)
  An orc (D:3)
  10 bats
  2 giant cockroaches (D:1)
  3 goblins
  7 hobgoblins
  7 jackals
  2 quokkas (D:2)
  A frilled lizard (D:1)
  6 kobolds
  4 rats
54 creatures vanquished.

Notes
Turn   | Place    | Note
-------+----------+-------------------------------------------
     0 | D:1      | Grimmash the Formicid Archaeologist began the quest for the
                  | Orb.
     0 | D:1      | Reached XP level 1. HP: 15/15 MP: 1/1
   140 | D:1      | Reached XP level 2. HP: 16/21 MP: 2/2
   303 | D:1      | Reached XP level 3. HP: 24/26 MP: 3/3
   967 | D:2      | Found a blossoming altar of Fedhas.
   975 | D:2      | Found a shattered altar of Ashenzari.
   984 | D:2      | Found a sacrificial altar of Ru.
  1212 | D:2      | Reached XP level 4. HP: 34/34 MP: 4/4
  1345 | D:2      | Noticed a sky beast
  1367 | D:2      | Killed a sky beast
  1368 | D:2      | Reached skill level 1 in Armour
  1368 | D:2      | Reached skill level 1 in Evocations
  1368 | D:2      | Reached XP level 5. HP: 7/42 MP: 5/5
  1368 | D:2      | Identified a scroll of acquirement
  2109 | D:3      | Slain by a scorpion

Skill      XL: |  1  2  3  4  5 |
---------------+----------------+-----
Dodging        | 3 |  3.2
Fighting       | 2 3 4 |  4.2
Armour         | 1 |  1.2
Evocations     | 1 |  1.5
Axes           | |  0.6
Maces & Flails | |  1.3
Stealth        | |  4.3
Shields        | |  0.1

Action                   |  1- 3 |  4- 6 || total
-------------------------+-------+-------++-------
Melee: Mace              |    72 |    87 ||   159
       Whip              |     8 |       ||     8
 Fire: Blowgun           |    75 |    18 ||    93
  Use: Scroll            |     1 |     4 ||     5
 Stab: Sleeping          |     3 |     1 ||     4
  Eat: Chunk             |     6 |     6 ||    12
Armor: Robe              |    46 |       ||    46
       Ring mail         |     2 |    68 ||    70
Dodge: Dodged            |    90 |    49 ||   139
Block: Medium shield     |       |    69 ||    69
